 Dungeon Crawl Stone Soup version 0.22-a0-352-gc608dd7fdd (webtiles) character file.

7 MirrMurr the Charmwright (level 2, -4/26 HPs)
             Began as a Gnoll Skald on Apr 14, 2018.
             Slain by a kobold
             ... wielding a +0 short sword
              (6 damage)
             ... on level 1 of the Dungeon.
             The game lasted 00:00:20 (113 turns).

MirrMurr the Charmwright (Gnoll Skald)               Turns: 113, Time: 00:00:20

Health: -4/26      AC:  3    Str: 13    XL:     2   Next: 0%
Magic:  7/7        EV: 14    Int: 15    God:
Gold:   28         SH:  0    Dex: 14    Spells: 9/10 levels left

rFire    . . .     SeeInvis .   a - +0 falchion
rCold    . . .     Gourm    .   (no shield)
rNeg     . . .     Faith    .   b - +0 leather armour
rPois    .         Spirit   .   (no helmet)
rElec    .         Reflect  .   (no cloak)
rCorr    .         Harm     .   (no gloves)
MR       .....                  (no boots)
Stlth    +.........             (no amulet)
HPRegen  0.08/turn              (no ring)
MPRegen  0.10/turn              (no ring)

@: no status effects
A: distributed training, fangs 1, strong nose
a: no special abilities


You were on level 1 of the Dungeon.
You were not hungry.

You visited 1 branch of the dungeon, and saw 1 of its levels.

You collected 28 gold pieces.

Inventory:

Hand Weapons
 a - a +0 falchion (weapon)
Armour
 b - a +0 leather armour (worn)
Potions
 c - a potion of mutation {unknown}
 e - a potion of flight {unknown}
Comestibles
 d - a ration


   Skills:
 + Level 4.4 Fighting
 + Level 0.2 Short Blades
 + Level 4.4 Long Blades
 + Level 0.2 Axes
 + Level 0.2 Maces & Flails
 + Level 0.2 Polearms
 + Level 0.2 Staves
 + Level 0.2 Slings
 + Level 0.2 Bows
 + Level 0.2 Crossbows
 + Level 0.2 Throwing
 + Level 2.4 Armour
 + Level 4.4 Dodging
 + Level 0.2 Stealth
 + Level 0.2 Shields
 + Level 0.2 Unarmed Combat
 + Level 4.9 Spellcasting
 + Level 0.1 Conjurations
 + Level 0.1 Hexes
 + Level 5.3 Charms
 + Level 0.1 Summonings
 + Level 0.1 Necromancy
 + Level 0.1 Translocations
 + Level 0.1 Transmutations
 + Level 0.1 Fire Magic
 + Level 0.1 Ice Magic
 + Level 0.1 Air Magic
 + Level 0.1 Earth Magic
 + Level 0.1 Poison Magic
 + Level 0.3 Invocations
 + Level 0.2 Evocations


You had 9 spell levels left.
You knew the following spells:

 Your Spells              Type           Power        Failure   Level  Hunger
a - Infusion              Chrm           ###.         2%          1    None


Dungeon Overview and Level Annotations

Branches:
Dungeon (1/15)

Altars:


Innate Abilities, Weirdness & Mutations

Your experience applies equally to all skills.
You have very sharp teeth.
Your uncanny sense of smell can sniff out nearby items.


Message History

The leopard gecko is heavily wounded.
The leopard gecko closely misses you.
You riposte.
You barely miss the leopard gecko.
The leopard gecko is heavily wounded.
You hit the leopard gecko.
The leopard gecko is severely wounded.
The leopard gecko closely misses you.
You hit the leopard gecko.
You kill the leopard gecko!
You have reached level 2!
You closely miss the kobold. The kobold closely misses you.
You riposte.
You hit the kobold but do no damage. You closely miss the kobold.
The kobold hits you with a short sword.
* * * LOW HITPOINT WARNING * * *
You barely miss the kobold. The kobold hits you with a short sword.
* * * LOW HITPOINT WARNING * * *
You hit the kobold. Your bite misses the kobold.
The kobold is severely wounded.
The kobold hits you with a short sword.
You die...

.#+####......# #n#.#Q#
.............# ###.###
#............#####.#T#.#6#
+................#.###.###.#
#................#.#x#.#m#.#
#..........(.....#.###.###.#
#............### #.#M#.#p#.#
#............#####.###.###.#
#......####..K@.##.#d#.#O#.#
#......# #####....###'###.#
###....l.# ###....#.#...#
.......### ####.....###
..?....+ ####### ...(...#
.......# .......# .......#


You could see a kobold.

Vanquished Creatures
  A leopard gecko (D:1)
  2 kobolds (D:1)
  2 bats (D:1)
5 creatures vanquished.

Notes
Turn   | Place    | Note
-------+----------+-------------------------------------------
     0 | D:1      | MirrMurr the Gnoll Skald began the quest for the Orb.
     0 | D:1      | Reached XP level 1. HP: 20/20 MP: 6/6
     2 | D:1      | Noticed a halfling
     3 | D:1      | Noticed a centaur
     5 | D:1      | Noticed a formicid
     5 | D:1      | Noticed an elf
     7 | D:1      | Noticed a human
     7 | D:1      | Noticed a gargoyle
     9 | D:1      | Noticed a naga
    11 | D:1      | Noticed a spriggan
    11 | D:1      | Noticed a vampire
    13 | D:1      | Noticed a minotaur
    13 | D:1      | Noticed a felid
    15 | D:1      | Noticed a dwarf
    17 | D:1      | Noticed a vine stalker
    19 | D:1      | Noticed a ghoul
    19 | D:1      | Noticed a tengu
    21 | D:1      | Noticed a troll
    21 | D:1      | Noticed a demonspawn
    23 | D:1      | Noticed an octopode
    23 | D:1      | Noticed a merfolk
    25 | D:1      | Noticed a demigod
    27 | D:1      | Noticed a draconian
    27 | D:1      | Noticed an ogre
   109 | D:1      | Reached XP level 2. HP: 5/26 MP: 7/7
   113 | D:1      | Slain by a kobold

Vault maps used:
D:1:      kb_arrival_jail, minmay_strange_pillars

Action                   || total
-------------------------++-------
Melee: Falchion          ||    25
       Bite              ||     2
Armor: Leather armour    ||    17
Dodge: Dodged            ||    44
       Rpst.: Falchion   ||    12

Table legend:
 A = Spawn XP
 B = Non-spawn XP
 C = Spawn XP percentage of total XP
 D = Spawn monster count
 E = Non-spawn monster count
 F = Spawn count percentage of total count
 G = Total turns spent on level
                    A         B        C        D         E        F      G
               +---------+---------+-------+---------+---------+-------+---------
         Total |       0 |      10 |   0.0 |       0 |       5 |   0.0 |   113
               +---------+---------+-------+---------+---------+-------+---------
           D:1 |       0 |      10 |   0.0 |       0 |       5 |   0.0 |   113
               +---------+---------+-------+---------+---------+-------+---------
